 Dungeon Crawl Stone Soup version 0.30-a0-457-g4b7bca3bfa (webtiles) character file.

Game seed: 12362298189669443487

908 cforsyth the Chopper (level 7, 0/96 HPs)
             Began as a Minotaur Berserker on Dec 13, 2022.
             Was a Believer of Trog.
             Slain by a gnoll bouda
             ... wielding a +0 club
              (11 damage)
             ... on level 6 of the Dungeon.
             The game lasted 00:05:47 (4801 turns).

cforsyth the Chopper (Minotaur Berserker)           Turns: 4801, Time: 00:05:48

Health: 0/96       AC:  2    Str: 23    XL:     7   Next: 81%
Magic:  6/6        EV: 14    Int:  4    God:    Trog [**....]
Gold:   345        SH:  0    Dex: 16    Spells: 6/6 levels left

rFire   + . .      SeeInvis .    a - +0 hand axe
rCold   + . .      Faith    .    (no shield)
rNeg    . . .      Spirit   .    b - +0 animal skin
rPois   .          Reflect  .    (helmet restricted)
rElec   .          Harm     .    k - scarf {rC+ rF+}
rCorr   .          Rampage  .    (no gloves)
Will    .....                    (no boots)
Stlth   ..........               v - amulet of the acrobat
HPRegen 0.36/turn                f - +6 ring of dexterity
MPRegen 0.10/turn                (no ring)

@: berserking, weakened, very quick
A: horns 2, retaliatory headbutt
a: Renounce Religion, Berserk, Trog's Hand


You were on level 6 of the Dungeon.
You worshipped Trog.
Trog was pleased with you.
You visited 1 branch of the dungeon, and saw 6 of its levels.

You collected 345 gold pieces.

Inventory:

Hand Weapons
 a - a +0 hand axe (weapon)
Missiles
 d - a throwing net (quivered)
Armour
 b - a +0 animal skin (worn)
 k - a scarf of resistance (worn)
Jewellery
 f - a +6 ring of dexterity (left hand)
 v - an amulet of the acrobat (around neck)
 x - a ring of poison resistance
 A - an amulet of magic regeneration
 B - a ring of fire
Wands
 y - a wand of iceblast (5)
Scrolls
 e - a scroll of noise {unknown}
 g - 5 scrolls of identify {unknown}
 h - 3 scrolls of teleportation {unknown}
 l - 2 scrolls of fog {unknown}
 n - 2 scrolls of fear {unknown}
 o - a scroll of poison {unknown}
 p - a scroll of magic mapping {unknown}
 t - a scroll of enchant weapon {unknown}
 u - a scroll of blinking {unknown}
Potions
 c - 2 potions of heal wounds {unknown}
 i - 2 potions of haste {unknown}
 j - a potion of curing {unknown}
 m - a potion of invisibility {unknown}
 q - a potion of cancellation {unknown}
 r - 2 potions of degeneration {unknown}
 s - a potion of lignification {unknown}
 w - a potion of mutation {unknown}
 z - a potion of magic {unknown}
 C - a potion of brilliance {unknown}


   Skills:
 + Level 6.4 Fighting
 + Level 6.4 Axes
 + Level 5.8 Armour
 + Level 5.3 Dodging


You had 6 spell levels left.
You didn't know any spells.
Your spell library was empty.

Dungeon Overview and Level Annotations

Branches:
Dungeon (6/15)
 Temple: D:4-7

Altars:
Dithmenos
Elyvilon
Okawaru
Qazlal
Wu Jian
The Shining One

Annotations:
D:5 3 runed translucent doors, p00ps00p's ghost, amateur HOFi


Innate Abilities, Weirdness & Mutations

You have a pair of horns on your head.
You reflexively headbutt those who attack you in melee.


Message History

You barely miss the gnoll.
The gnoll bouda hits you with a +0 club!
The gnoll barely misses you. The gnoll closely misses you.
Unknown command.
Unknown command.
Found a pair of gloves and 11 gold pieces.
The gnoll bouda gazes fiercely through you!
You feel your attacks grow feeble. The gnoll bouda completely misses you.
The gnoll hits you with a +0 spear. The gnoll hits you with a +0 flail!
You see here a +0 flail.
Unknown command.
You hit the gnoll bouda but do no damage.
The gnoll bouda is moderately wounded.
You hit the gnoll but do no damage. x2; The gnoll bouda closely misses you.
You furiously retaliate!
You headbutt the gnoll bouda. The gnoll closely misses you.
Unknown command.
Unknown command.
A red film seems to cover your vision as you go berserk!
You feel yourself moving faster!
You feel mighty! The gnoll hits you with a +0 flail.
The gnoll bouda misses you. The gnoll hits you with a +0 spear!
You completely miss the gnoll bouda.
The gnoll bouda is severely wounded.
You hit the gnoll but do no damage. You barely miss the gnoll.
You closely miss the black bear. The gnoll hits you with a +0 flail!
* * * LOW HITPOINT WARNING * * *
The black bear closely misses you. You furiously retaliate!
You headbutt the black bear! The black bear barely misses you.
The black bear closely misses you. The gnoll bouda barely misses you.
You hit the black bear but do no damage.
The black bear is moderately wounded.
You slash the gnoll! You closely miss the gnoll bouda. You slash the gnoll!
The gnoll misses you. The gnoll hits you with a +0 flail!
* * * LOW HITPOINT WARNING * * *
The black bear closely misses you. x2; The black bear claws you.
* * * LOW HITPOINT WARNING * * *
The gnoll bouda hits you with a +0 club!
You die...

#.#.#. ###..#####
#...#.# .>.###..##...
###..#.# #.........##
##...?..#########.#.#..#
...........# #.#.#...
[..........######.#..<..
...........##...........
#.....gg).....###.###...
#....h@g..##.###.......
#.........##......####.
#.........#####..## ##.
#..#######..####..####..
$. ##............# .
#######.###### #># ###


You could see a black bear, a gnoll bouda and 2 gnolls.

Vanquished Creatures
  A water moccasin (D:5)
  4 ogres
  A necrophage (D:5)
  A scorpion (D:4)
  2 howler monkeys
  2 hounds
  An iguana (D:5)
  6 gnolls
  4 adders
  A white imp (D:5)
  An ufetubus (D:4)
  2 worms (D:3)
  2 dart slugs
  4 orcs
  2 endoplasms
  6 goblins
  9 hobgoblins
  2 jackals (D:2)
  5 kobolds
  5 quokkas
  14 ball pythons
  6 bats
  2 frilled lizards (D:1)
  5 rats
88 creatures vanquished.

Notes
Turn   | Place    | Note
-------+----------+-------------------------------------------
     0 | D:1      | cforsyth the Minotaur Berserker began the quest for the
                  | Orb.
     0 | D:1      | Reached XP level 1. HP: 19/19 MP: 0/0
   348 | D:1      | Reached XP level 2. HP: 12/27 MP: 1/1
   842 | D:2      | Reached ** piety under Trog
   843 | D:2      | Reached XP level 3. HP: 13/33 MP: 2/2
  1355 | D:2      | Found a shadowy altar of Dithmenos.
  1828 | D:3      | Reached XP level 4. HP: 40/40 MP: 3/3
  1870 | D:3      | Found an ornate altar of the Wu Jian Council.
  1870 | D:3      | Found a white marble altar of Elyvilon.
  2249 | D:3      | Found a stormy altar of Qazlal.
  2251 | D:3      | Found a glowing golden altar of the Shining One.
  2253 | D:3      | Found an iron altar of Okawaru.
  2481 | D:3      | Identified the +1 cloak "Helocih" {*Slow rN+++ Regen+ Str-2
                  | Int+9}
  2599 | D:3      | Identified the +4 sling of True Grit {vorpal, rPois}
  2786 | D:4      | Noticed a scorpion
  2796 | D:4      | Killed a scorpion
  2797 | D:4      | Reached XP level 5. HP: 34/47 MP: 4/4
  2915 | D:4      | Reached skill level 5 in Fighting
  2919 | D:4      | Reached skill level 5 in Axes
  3074 | D:4      | Noticed an ogre
  3079 | D:4      | Killed an ogre
  3080 | D:4      | Reached XP level 6. HP: 56/56 MP: 5/5
  3625 | D:5      | Entered Level 5 of the Dungeon
  3731 | D:5      | Found a runed translucent gate.
  3731 | D:5      | Found a runed translucent gate.
  3731 | D:5      | Found a runed translucent gate.
  3890 | D:5      | Reached skill level 5 in Armour
  3902 | D:5      | Noticed a water moccasin
  3913 | D:5      | Killed a water moccasin
  3914 | D:5      | Reached XP level 7. HP: 62/62 MP: 6/6
  4207 | D:5      | Noticed p00ps00p's ghost (amateur HOFi)
  4415 | D:5      | Reached skill level 5 in Dodging
  4801 | D:6      | Slain by a gnoll bouda

Illustrated notes

Levels and vault maps discovered:
D:1:      roderic_crop_circles_arrival_small, layout_basic
D:2:      layout_loops_ring, basic_altar, kennysheep_big_empty_room
D:3:      layout_loops_ring, chequers_temple_overflow_minitemple
D:4:      layout_layer_cave
D:5:      layout_loops_ring, gammafunk_ghost_icy, grunt_decor_one_mirror
D:6:      hellmonk_destroyed_diamonds, layout_rooms

Skill      XL: |  1  2  3  4  5  6  7 |
---------------+----------------------+-----
Fighting       | 4 5 6 |  6.4
Axes           | 4 5 6 |  6.4
Armour         | 3 4 5 |  5.8
Dodging        | 3 4 5 |  5.3

Action                   |  1- 3 |  4- 6 |  7- 9 || total
-------------------------+-------+-------+-------++-------
Melee: Hand axe          |    95 |   106 |    46 ||   247
       Headbutt          |     8 |    15 |    12 ||    35
Invok: Berserk           |       |     2 |     2 ||     4
 Stab: Sleeping          |     2 |     1 |       ||     3
Armor: Animal skin       |    26 |     8 |     1 ||    35
Dodge: Dodged            |    59 |    66 |    45 ||   170

Table legend: (Time is in decaauts)
 A = Elapsed time spent in this place.
 B = Non-inter-level travel time spent in this place.
 C = Inter-level travel time spent in this place.
 D = Time resting spent in this place.
 E = Time spent auto-exploring this place.
 F = Levels seen in this place.
 G = Mean time per level.
                   A        B        C        D        E       F      G
               +--------+--------+--------+--------+--------+-----+--------+
         Total |   4843 |   4706 |    137 |    558 |   3504 |   6 |  807.2 |
       Dungeon |   4843 |   4706 |    137 |    558 |   3504 |   6 |  807.2 |
               +--------+--------+--------+--------+--------+-----+--------+

Top non-repeatable levels by time:
     D:3: 1059 daAuts
     D:4: 1004 daAuts
     D:5: 981 daAuts
     D:2: 810 daAuts
     D:1: 780 daAuts
     D:6: 207 daAuts
